 Dungeon Crawl Stone Soup version 0.16-a0-1885-g0f03bb0 (webtiles) character file.

607 Kraw the Vandal (level 7, -3/45 HPs)
             Began as a Halfling Abyssal Knight on Nov 7, 2014.
             Was a Priest of Lugonu.
             Killed from afar by Dowan (24 damage)
             ... with a shard of ice
             ... on level 5 of the Dungeon.
             The game lasted 00:25:41 (5702 turns).

Kraw the Vandal (Halfling Abyssal Knight)           Turns: 5702, Time: 00:25:42

Health: -3/45      AC:  6    Str: 12    XL:     7   Next: 71%
Magic:  13/13      EV: 11    Int: 13    God:    Lugonu [***...]
Gold:   175        SH:  0    Dex: 14    Spells: 0 memorised, 6 levels left

rFire  . . .     SeeInvis .     a - +1 short sword
rCold  . . .     Clarity  .     A - +0 ring mail
rNeg   . . .     SustAb   .     (no shield)
rPois  .         Gourm    .     h - +0 helmet
rElec  .         Spirit   .     (no cloak)
rCorr  .         Warding  .     (no gloves)
rMut   .         Stasis   .     (no boots)
MR     .....                    (no amulet)
Stlth  +.........               (no ring)
                                (no ring)

@: not resistant to hostile enchantments, very unstealthy
A: mutation resistance 1
a: Depart the Abyss, Bend Space, Banish, Renounce Religion


You were on level 5 of the Dungeon.
You worshipped Lugonu.
Lugonu was most pleased with you.
You were not hungry.

You visited 1 branch of the dungeon, and saw 5 of its levels.
You visited the Abyss 1 time.

You collected 175 gold pieces.

Inventory:

Hand weapons
 a - a +1 short sword (weapon)
 b - a +0 hunting sling
 e - a +0 blowgun
Missiles
 f - 7 needles of frenzy
 j - 44 stones (quivered)
 v - 18 poisoned needles
Armour
 h - a +0 helmet (worn)
 A - a +0 ring mail (worn)
 E - a +3 ring mail
Jewellery
 p - a +2 ring of evasion {unknown}
 s - an uncursed amulet of rage {unknown}
 x - a cursed ring of loudness {unknown}
 y - an uncursed ring of ice {unknown}
Scrolls
 d - 4 scrolls of amnesia {unknown}
 k - 2 scrolls of recharging {unknown}
 l - 7 scrolls of remove curse {unknown}
 q - a scroll of teleportation {unknown}
 w - 6 scrolls of identify {unknown}
 G - a scroll of enchant weapon {unknown}
Potions
 g - a potion of magic {unknown}
 i - 3 potions of curing {unknown}
 m - a potion of might {unknown}
 o - a potion of restore abilities {unknown}
 r - a potion of brilliance {unknown}
 z - a potion of cancellation {unknown}
 B - a potion of poison {unknown}
 C - a potion of lignification {unknown}
 D - 2 potions of haste {unknown}
Comestibles
 c - 4 bread rations
 n - 7 fruits
 t - a beef jerky
 u - 3 meat rations
 F - a slice of pizza


   Skills:
 - Level 2.6 Fighting
 - Level 6.1 Short Blades
 + Level 6.8 Slings
 - Level 2.1 Armour
 - Level 1.1 Dodging
 - Level 5.0 Invocations


You had 6 spell levels left.
You didn't know any spells.

Dungeon Overview and Level Annotations

Branches:
Dungeon (5/15)
 Temple: D:4-7

Altars:
Elyvilon
Fedhas
Gozag
Qazlal
Sif Muna
Trog

Annotations:
D:5 Dowan


Innate Abilities, Weirdness & Mutations

You are small and have problems with some larger weapons.
You are somewhat resistant to further mutation.


Message History

There is an open door here.
b - a +0 hunting sling (weapon)
Firing (i - inventory):
j - 45 stones (quivered)
Press: ? - help, Shift-Dir - straight line, f/p - Dowan
Aim: Dowan, wielding a dagger and wearing a robe (heavily wounded, fast, poisoned)
You shoot a stone. The stone hits Dowan.
Dowan is severely wounded.
a - a +1 short sword (weapon)
You closely miss Dowan.
Dowan is severely wounded.
Dowan hits you but does no damage.
Dowan casts a spell.
Dowan blinks!
You hit Dowan.
Dowan is almost dead.
Dowan shakes with grief.
Dowan gestures at you while chanting. The shard of ice hits you!
Ouch! That really hurt!
You die...

...#.....#....'.. ....#
+###.....'....#'###...##
..##.###.#........#....#
.)##'###.##'##....##'#.#
..##..'..'...'.........#
..##.###.###+#....((...#####
..##.###.#.(.()((.(....#...#
..##..+..'...(#ยง#####'##...#
..##.###.#....#.@..........#
..##'###.#(...#.e.....##...#
......'.('....+.......##...#
..##.##..#.<..#........#...#
..##'##..#....#...<....#...#
.....'<..+....+........+...#
##########....##############
######


You could see Dowan.

Vanquished Creatures
  An ogre (D:4)
  Duvessa (D:5)
  Blork the orc (D:4)
  2 crimson imps (D:4)
  An orc priest (D:4)
  A centaur skeleton (D:4)
  An orc wizard (D:4)
  A worker ant (D:4)
  5 adders
  A worm (D:2)
  2 oozes
  4 orcs
  A ball python (D:2)
  4 giant cockroaches
  15 goblins
  15 hobgoblins
  5 jackals
  4 quokkas
  12 bats
  6 giant geckos
  9 kobolds
  2 orc skeletons
  7 rats
101 creatures vanquished.

Vanquished Creatures (others)
  A scorpion (D:4)
  An orc wizard (D:4)
2 creatures vanquished.

Grand Total: 103 creatures vanquished

Notes
Turn   | Place    | Note
--------------------------------------------------------------
     0 | Abyss:1  | Kraw, the Halfling Abyssal Knight, began the quest for the Orb.
     0 | Abyss:1  | Reached XP level 1. HP: 15/15 MP: 1/1
    81 | Abyss:1  | Noticed a small abomination
    81 | D:1      | Escaped the Abyss
   146 | D:1      | Reached skill level 3 in Short Blades
   272 | D:1      | Reached XP level 2. HP: 20/20 MP: 2/2
   346 | D:1      | Acquired Lugonu's first power
   826 | D:1      | Reached XP level 3. HP: 25/25 MP: 4/4
  1126 | D:2      | Reached skill level 4 in Short Blades
  1186 | D:2      | Reached XP level 4. HP: 18/30 MP: 7/7
  1397 | D:2      | Acquired Lugonu's second power
  1604 | D:2      | Found a stormy altar of Qazlal.
  2051 | D:2      | Found a white marble altar of Elyvilon.
  2191 | D:2      | Found a deep blue altar of Sif Muna.
  2465 | D:3      | Reached XP level 5. HP: 35/35 MP: 8/8
  2523 | D:3      | Found a blossoming altar of Fedhas.
  3062 | D:4      | Noticed Blork the orc
  3259 | D:3      | Reached skill level 5 in Short Blades
  3326 | D:4      | Killed Blork the orc
  3357 | D:4      | Acquired Lugonu's third power
  3466 | D:4      | Reached XP level 6. HP: 39/41 MP: 11/11
  3471 | D:4      | Reached skill level 6 in Short Blades
  3481 | D:4      | Reached skill level 5 in Invocations
  3539 | D:4      | Reached skill level 1 in Slings
  4175 | D:4      | Reached XP level 7. HP: 45/45 MP: 13/13
  4428 | D:4      | Found a bloodstained altar of Trog.
  4614 | D:4      | Reached skill level 5 in Slings
  4907 | D:5      | Entered Level 5 of the Dungeon
  5107 | D:5      | Found an opulent altar of Gozag.
  5198 | D:5      | Noticed Duvessa
  5199 | D:5      | Noticed Dowan
  5684 | D:5      | Killed Duvessa
  5702 | D:5      | Killed from afar by Dowan

Action                   |  1- 3 |  4- 6 |  7- 9 || total
-------------------------+-------+-------+-------++-------
Melee: Short sword       |   111 |   256 |    76 ||   443
 Fire: Hunting sling     |       |   126 |    38 ||   164
       Blowgun           |       |    10 |    20 ||    30
Throw: Stone             |    37 |     8 |       ||    45
Invok: Depart the Abyss  |     1 |       |       ||     1
       Banish            |       |     1 |       ||     1
       Bend Space        |       |       |     2 ||     2
  Eat: Chunk             |       |    10 |     5 ||    15
       Fruit             |       |     1 |       ||     1
